 Dungeon Crawl Stone Soup version 0.23.2-1-ga50397a6bc (webtiles) character file.

Game seed: 7023634652815690571

63025 FluffierThanThou the Warrior (level 14, -3/222 HPs)
             Began as a Minotaur Fighter on May 19, 2019.
             Was a High Priest of Okawaru.
             Slain by a warg (9 damage)
             ... on level 1 of the Orcish Mines.
             The game lasted 01:34:17 (19422 turns).

FluffierThanThou the Warrior (Minotaur Fighter)    Turns: 19422, Time: 01:34:18

Health: -3/222     AC: 32    Str: 30    XL:     14   Next: 66%
Magic:  14/18      EV:  2    Int:  5    God:    Okawaru [*****.]
Gold:   2073       SH: 18    Dex: 14    Spells: 13/13 levels left

rFire    . . .     SeeInvis .   O - +4 flail (holy)
rCold    . . .     Gourm    .   c - +0 shield
rNeg     + + +     Faith    .   (armour currently unavailable)
rPois    +         Spirit   .   (helmet currently unavailable)
rElec    .         Reflect  +   (cloak currently unavailable)
rCorr    .         Harm     .   (gloves currently unavailable)
MR       ++...     NoTele   +   (boots currently unavailable)
Stlth    +++.......             L - +2 amulet of reflection
HPRegen  0.47/turn              Z - +5 ring of protection
MPRegen  0.16/turn              z - ring of Twilight {MR+ Dex+3}

@: mighty, tree-form, heroism, finesse, hasted, very quick
A: (retaliatory headbutt), low mp 1, robust 1
a: Heroism, Finesse, Renounce Religion


You were on level 1 of the Orcish Mines.
You worshipped Okawaru.
Okawaru was extremely pleased with you.
You were not hungry.
You were a tree.
You visited 4 branches of the dungeon, and saw 19 of its levels.
You also visited: Bailey and Ice Cave.

You collected 2073 gold pieces.

Inventory:

Hand Weapons
 O - a +4 flail of holy wrath (weapon)
Missiles
 G - 19 tomahawks of returning (quivered)
Armour
 b - the +5 scale mail of Valiance (melded) {Regen+ Str+2 Stlth-}
   (You found it on level 5 of the Lair of Beasts)

   It affects your strength (+2).
   It increases your rate of regeneration.
   It makes you less stealthy.
 c - a +0 shield (worn)
 d - a scarf of resistance
 k - a +2 pair of boots (melded)
 q - a scarf of repulsion (melded)
 D - a +0 pair of gloves (melded)
 F - a +2 hat of intelligence (melded)
Jewellery
 a - an uncursed ring of flight
 e - an uncursed ring of stealth {unknown}
 x - an uncursed ring of poison resistance
 z - the ring of Twilight (right branch) {MR+ Dex+3}
   (You found it on level 6 of the Dungeon)

   [ring of dexterity]

   It affects your dexterity (+3).
   It affects your resistance to hostile enchantments.
 I - an uncursed ring of resist corrosion
 L - a +2 amulet of reflection (around neck)
 S - an uncursed ring of ice
 Z - a +5 ring of protection (left branch)
Wands
 o - a wand of digging (13)
 t - a wand of paralysis (19)
 u - a wand of iceblast (8)
 y - a wand of flame (56)
 Q - a wand of acid (15)
 V - a wand of disintegration (16)
Scrolls
 g - 10 scrolls of remove curse
 h - a scroll of acquirement {unknown}
 i - 2 scrolls of magic mapping
 j - 4 scrolls of enchant weapon
 m - 3 scrolls of brand weapon {unknown}
 p - 3 scrolls of teleportation
 r - a scroll of blinking
 v - 2 scrolls of amnesia {unknown}
 B - 2 scrolls of fog {unknown}
 M - a scroll of summoning
 N - 2 scrolls of fear {unknown}
 P - 2 scrolls of torment {unknown}
 W - 2 scrolls of vulnerability {unknown}
 Y - 2 scrolls of identify
Potions
 l - 4 potions of mutation
 n - 2 potions of magic
 s - a potion of invisibility {unknown}
 A - a potion of ambrosia {unknown}
 E - a potion of haste
 J - 2 potions of flight {unknown}
 K - 2 potions of agility {unknown}
 R - 3 potions of lignification
 X - 3 potions of degeneration {unknown}
Miscellaneous
 H - a lamp of fire
Comestibles
 f - 3 rations


   Skills:
 + Level 15.5(20.5) Fighting
   Level 13.3(18.7) Axes
 * Level 5.4(15.3) Maces & Flails
 + Level 14.0(19.0) Armour
 + Level 14.0(19.0) Shields
 - Level 10.0 Invocations


You had 13 spell levels left.
You didn't know any spells.
Your spell library contained the following spells:

 Spells                   Type           Power        Failure   Level  Hunger
 Animate Skeleton         Necr           N/A          47%         1    ##.....
 Apportation              Tloc           #.....       47%         1    ##.....
 Confusing Touch          Hex            #.....       47%         1    ##.....
 Corona                   Hex            #......      47%         1    ##.....
 Freeze                   Ice            #...         47%         1    ##.....
 Pain                     Necr           #...         47%         1    ##.....
 Shock                    Conj/Air       #...         47%         1    ##.....
 Summon Butterflies       Summ           #.......     47%         1    ##.....
 Summon Small Mammal      Summ           #...         47%         1    ##.....
 Slow                     Hex            #.......     63%         2    ###....
 Swiftness                Chrm/Air       #.......     63%         2    ###....
 Throw Frost              Conj/Ice       #.....       63%         2    ###....
 Call Canine Familiar     Summ           #.......     85%         3    ####...
 Inner Flame              Hex/Fire       #.......     85%         3    ####...
 Ozocubu's Armour         Chrm/Ice       #.......     85%         3    ####...
 Portal Projectile        Hex/Tloc       #.....       85%         3    ####...
 Recall                   Summ/Tloc      N/A          85%         3    ####...
 Regeneration             Chrm/Necr      #.........   85%         3    ####...
 Static Discharge         Conj/Air       #.......     85%         3    ####...
 Vampiric Draining        Necr           #.........   85%         3    ####...
 Airstrike                Air            #.........   99%         4    #####..
 Animate Dead             Necr           N/A          99%         4    #####..
 Cause Fear               Hex            #.........   99%         4    #####..
 Ice Form                 Ice/Tmut       #.......     99%         4    #####..
 Leda's Liquefaction      Hex/Erth       #.........   99%         4    #####..
 Summon Ice Beast         Ice/Summ       #.......     99%         4    #####..
 Throw Icicle             Conj/Ice       #.......     99%         4    #####..
 Aura of Abjuration       Summ           #.........   100%        5    ######.
 Bolt of Draining         Conj/Necr      #.........   100%        5    ######.
 Bolt of Magma            Conj/Fire/Erth #.........   100%        5    ######.
 Lightning Bolt           Conj/Air       #.........   100%        5    ######.
 Metabolic Englaciation   Hex/Ice        #.........   100%        5    ######.
 Summon Demon             Summ           #.........   100%        5    ######.
 Summon Forest            Summ/Tloc      #.........   100%        5    ######.
 Summon Mana Viper        Hex/Summ       #.......     100%        5    ######.
 Bolt of Cold             Conj/Ice       #.........   100%        6    #######
 Freezing Cloud           Conj/Ice/Air   #.........   100%        6    #######
 Ozocubu's Refrigeration  Ice            #.........   100%        6    #######
 Shadow Creatures         Summ           N/A          100%        6    #######
 Simulacrum               Ice/Necr       #.........   100%        6    #######
 Summon Hydra             Summ           #.........   100%        7    #######


Dungeon Overview and Level Annotations

Branches:
Dungeon (11/15)            Temple (1/1) D:4            Lair (6/6) D:8
  Swamp (0/4) Lair:3       Spider (0/4) Lair:2        Slime (0/5) Lair:5
    Orc (1/2) D:11

Altars:
Ashenzari
Cheibriados
Dithmenos
Elyvilon
Fedhas
Gozag
Hepliaklqana
Kikubaaqudgha
Makhleb
Nemelex Xobeh
Okawaru
Qazlal
Ru
Sif Muna
Trog
Uskayaw
Vehumet
Wu Jian
Xom
Yredelemnul
Zin
The Shining One

Shops:
D:7 %   Orc:1 }

Annotations:
D:9 1 transporter


Innate Abilities, Weirdness & Mutations

((You reflexively headbutt those who attack you in melee.))
((You have a pair of horns on your head.))
((You have large cloven feet.))
Your magical capacity is low. (-10% MP)
You are robust. (+10% HP)


Message History

You block the warg's attack.
The orc yells repeatedly, as Orcs often do.
You sock the orc priest!
The orc priest is heavily wounded.
You block the orc warrior's attack. x2
You sock the orc priest!
The orc priest is almost dead.
The orc warrior hits you but does no damage.
The warg bites you but does no damage.
You thump the orc priest!
You kill the orc priest!
Okawaru accepts your kill.
The orc warrior hits you with a +0 hand axe!
* * * LOW HITPOINT WARNING * * *
You block the ogre's attack.
Unknown command.
You sock the ogre!
The ogre is heavily wounded.
You block the orc warrior's attack. The warg bites you!
You die...

.o
.##...............
... #.....##........
....
#......#........
.....###(...........
.......(#...........
......))..........#
..#.......oo......
.........hoO.....>
........oo♣oo.....
...##.$..))o......
... ###......(....
.. .......#..(..
#..............
.......#.##....
..###.#... .#. .. ##
.# ##


You could see a warg, 5 orc warriors, an ogre and 3 orcs.

Vanquished Creatures
  Rupert (Lair:3)
  Gastronok (D:11)
  Kirke (Lair:5)
  An orc warlord (Orc:1)
  A frost giant (IceCv)
  Erolcha (Orc:1)
  Fannar (D:11)
  8 hydras
  A centaur warrior (D:9)
  A two-headed ogre (D:8)
  A death yak (IceCv)
  Urug (Orc:1)
  The ghost of Morbidden the Grappler, a novice TrGl of Cheibriados (D:9)
  The ghost of mrkaede the Basher, a novice GrMo of Hepliaklqana (D:10)
  An orange crystal statue (Lair:5)
  3 orc knights
  An orc sorcerer (Orc:1)
  An oklob plant (Lair:3)
  An ugly thing (D:11)
  A cyclops (D:9)
  Maurice (D:10)
  7 elephants
  4 black mambas
  An ice statue (IceCv)
  A gargoyle (D:9)
  10 spiny frogs
  A rime drake (Lair:4)
  5 komodo dragons
  5 trolls
  A hornet (Lair:2)
  Prince Ribbit (D:8)
  18 polar bears
  3 blink frogs (Lair:5)
  5 hippogriffs
  3 slime creatures (Lair:5)
  6 dream sheep (Lair:5)
  A wyvern (D:8)
  51 yaks
  3 basilisks
  Grum (D:11)
  3 fire bats (Lair:4)
  A hungry ghost (D:11)
  5 hogs (Lair:5)
  A steam dragon (Lair:3)
  Menkaure (D:6)
  A two-headed ogre zombie (D:11)
  3 wargs (Orc:1)
  4 water moccasins
  15 porcupines
  3 ice beasts
  18 orc warriors
  3 phantoms
  2 sky beasts
  A black bear (D:6)
  An eye of draining (D:11)
  A necrophage (D:9)
  8 ogres
  23 wolves
  A boggart (D:9)
  2 centaurs (D:9)
  12 crocodiles
  A big kobold (D:9)
  A gnoll sergeant (D:11)
  26 bullfrogs
  A wyvern zombie (D:11)
  11 scorpions
  2 troll zombies (D:11)
  2 electric eels (Lair:5)
  10 wights
  A howler monkey (D:5)
  2 crimson imps (D:9)
  2 bullfrog zombies
  4 bullfrog skeletons
  4 hounds
  3 jellies
  14 orc priests
  4 centaur skeletons
  4 iguanas
  16 orc wizards
  12 worker ants
  5 ogre zombies (D:11)
  A hound zombie (D:5)
  A hound skeleton (D:6)
  A howler monkey zombie (D:7)
  6 gnolls
  2 howler monkey skeletons
  14 adders
  2 shadow imps (D:6)
  2 oozes
  An adder zombie (D:6)
  5 worms
  A dart slug (D:2)
  4 leopard geckos
  69 orcs
  A ball python (D:4)
  7 giant cockroaches
  15 hobgoblins
  7 jackals
  19 kobolds
  5 quokkas
  10 bats
  3 frilled lizards (D:2)
  5 goblins
  A goblin zombie (D:11)
  A hobgoblin skeleton (D:11)
  A hobgoblin zombie (D:11)
  3 orc skeletons (D:11)
  19 orc zombies (D:11)
  2 quokka skeletons
  5 rats
  16 fungi
620 creatures vanquished.

Vanquished Creatures (others)
  A wizard (D:6)
  A human (Lair:5)
  2 centaurs
  2 orcs (Orc:1)
  A bush (Lair:2)
  16 fungi
  8 plants
31 creatures vanquished.

Grand Total: 651 creatures vanquished

Notes
Turn   | Place    | Note
-------+----------+-------------------------------------------
     0 | D:1      | FluffierThanThou the Minotaur Fighter began the quest for
                  | the Orb.
     0 | D:1      | Reached XP level 1. HP: 19/19 MP: 0/0
   459 | D:1      | Reached XP level 2. HP: 24/27 MP: 1/1
   967 | D:2      | Reached skill level 4 in Fighting
   967 | D:2      | Reached XP level 3. HP: 20/33 MP: 2/2
  1376 | D:2      | Reached XP level 4. HP: 36/41 MP: 3/3
  1700 | D:3      | Found a deep blue altar of Sif Muna.
  1703 | D:3      | Found a snail-covered altar of Cheibriados.
  1920 | D:3      | Found a bloodstained altar of Trog.
  2103 | D:3      | Found an ornate altar of the Wu Jian Council.
  2484 | D:4      | Noticed an ogre
  2490 | D:4      | Killed an ogre
  2490 | D:4      | Reached skill level 5 in Fighting
  2490 | D:4      | Reached XP level 5. HP: 25/48 MP: 4/4
  2572 | D:4      | Found a staircase to the Ecumenical Temple.
  2596 | Temple   | Entered the Ecumenical Temple
  2799 | Temple   | Became a worshipper of Warmaster Okawaru
  3101 | D:3      | Found a stormy altar of Qazlal.
  3134 | D:5      | Entered Level 5 of the Dungeon
  3213 | D:5      | Reached skill level 5 in Shields
  3213 | D:5      | Reached XP level 6. HP: 57/57 MP: 5/5
  3242 | D:5      | Reached skill level 5 in Armour
  3283 | D:5      | Reached skill level 6 in Fighting
  3416 | D:5      | Found a white marble altar of Elyvilon.
  3467 | D:5      | Noticed an orc warrior
  3491 | D:5      | Killed an orc warrior
  3491 | D:5      | Reached * piety under Okawaru
  3491 | D:5      | Reached XP level 7. HP: 52/64 MP: 6/6
  3831 | D:5      | Reached skill level 7 in Fighting
  3831 | D:5      | Reached skill level 5 in Axes
  4361 | D:6      | Found a basalt altar of Yredelemnul.
  4400 | D:6      | Found an ancient bone altar of Kikubaaqudgha.
  4401 | D:6      | Found a transporter.
  4425 | D:6      | Reached ** piety under Okawaru
  4425 | D:6      | Reached XP level 8. HP: 52/74 MP: 4/7
  4484 | D:6      | Reached skill level 8 in Fighting
  4524 | D:6      | Found a bloodstained altar of Trog.
  4650 | D:6      | Noticed a wizard
  4655 | D:6      | Killed a wizard
  4712 | D:6      | Found a transporter.
  4717 | D:6      | Found a basalt altar of Yredelemnul.
  4720 | D:6      | Noticed Menkaure
  4831 | D:6      | Found a hazy altar of Hepliaklqana.
  4981 | D:6      | Found a sacrificial altar of Ru.
  5082 | D:6      | Killed Menkaure
  5122 | D:6      | Got a transparent platinum ring
  5129 | D:6      | Identified the ring of Twilight {MR+ Dex+3} (You found it
                  | on level 6 of the Dungeon)
  5193 | D:7      | Reached skill level 9 in Fighting
  5208 | D:7      | Noticed a hippogriff
  5214 | D:6      | Reached XP level 9. HP: 57/84 MP: 2/8
  5349 | D:6      | Gained mutation: Your magical capacity is low. (-10% MP)
                  | [potion of mutation]
  5349 | D:6      | Gained mutation: You are robust. (+10% HP) [potion of
                  | mutation]
  5349 | D:6      | Gained mutation: You have large cloven feet. [potion of
                  | mutation]
  5783 | D:6      | Reached *** piety under Okawaru
  5791 | D:6      | Reached skill level 10 in Fighting
  6406 | D:7      | Reached skill level 1 in Invocations
  6417 | D:7      | Found a shimmering altar of Xom.
  6484 | D:7      | Paralysed by an orc for 2 turns
  6807 | D:7      | Found Loerch's Food Emporium.
  7129 | D:8      | Reached skill level 11 in Fighting
  7170 | D:8      | Found a flagged portal.
  7184 | Bailey   | Entered a bailey
  7236 | Bailey   | Reached XP level 10. HP: 55/104 MP: 0/9
  7250 | Bailey   | Reached **** piety under Okawaru
  7617 | D:8      | Found a staircase to the Lair.
  7811 | D:8      | Noticed Prince Ribbit
  7824 | D:8      | Killed Prince Ribbit
  7842 | D:8      | Noticed a two-headed ogre
  7894 | Lair:1   | Entered Level 1 of the Lair of Beasts
  8119 | Lair:1   | Noticed an eight-headed hydra
  8156 | D:8      | Killed a two-headed ogre
  8276 | D:9      | Found a transporter.
  8277 | D:9      | Noticed Morbidden's ghost (novice TrGl)
  8279 | D:9      | Found a transporter.
  8289 | D:9      | Reached skill level 5 in Invocations
  8297 | D:9      | Noticed a gargoyle
  8318 | D:9      | Killed a gargoyle
  8322 | D:9      | Found a transporter.
  8339 | D:9      | Reached ***** piety under Okawaru
  8457 | D:9      | Noticed a centaur warrior
  8458 | D:9      | Found a transporter.
  8458 | D:9      | Found a transporter.
  8472 | D:9      | Found a transporter.
  8523 | D:9      | Found a transporter.
  8682 | D:9      | Received a gift from Okawaru
  8682 | D:9      | Reached XP level 11. HP: 75/114 MP: 4/12
  9397 | D:10     | Entered Level 10 of the Dungeon
  9402 | D:10     | Noticed Maurice
  9421 | D:10     | Killed Maurice
  9421 | D:10     | Reached skill level 12 in Fighting
  9426 | D:10     | Noticed mrkaede's ghost (novice GrMo)
  9427 | D:10     | Found a runed translucent door.
  9749 | D:10     | Noticed an orc knight
  9769 | D:10     | Killed an orc knight
  9775 | D:10     | Reached skill level 10 in Shields
 10148 | Lair:1   | Reached skill level 10 in Armour
 10191 | Lair:1   | Noticed a four-headed hydra
 10200 | Lair:1   | Killed a four-headed hydra
 10486 | Lair:1   | Received a gift from Okawaru
 10486 | Lair:1   | Reached skill level 10 in Axes
 10608 | Lair:1   | Killed an eight-headed hydra
 11111 | Lair:2   | Reached XP level 12. HP: 91/124 MP: 13/15
 11267 | Lair:2   | You fall through a shaft for 2 floors!
 11382 | Lair:2   | Reached skill level 13 in Fighting
 11383 | Lair:2   | Received a gift from Okawaru
 11450 | Lair:2   | Noticed a seven-headed hydra
 11465 | Lair:2   | Killed a seven-headed hydra
 11565 | Lair:2   | Found a hole to the Spider Nest.
 11821 | Lair:3   | Found a frozen archway.
 11840 | IceCv    | Entered an ice cave
 12298 | IceCv    | Noticed a death yak
 12317 | IceCv    | Killed a death yak
 12398 | IceCv    | Reached skill level 10 in Invocations
 12753 | IceCv    | Reached XP level 13. HP: 128/134 MP: 12/17
 12801 | IceCv    | Received a gift from Okawaru
 13063 | IceCv    | Noticed a frost giant
 13133 | IceCv    | Killed a frost giant
 14297 | Lair:3   | Found a staircase to the Swamp.
 14418 | Lair:3   | Noticed Rupert
 14508 | Lair:3   | Reached skill level 14 in Fighting
 14713 | Lair:3   | Killed Rupert
 14812 | Lair:3   | Found a staircase to the Swamp.
 15332 | Lair:4   | Received a gift from Okawaru
 15335 | Lair:4   | Got an encrusted hand axe {god gift}
 15336 | Lair:4   | Identified the +1 hand axe of Deczudob {chop, rF- rC+++
                  | SInv} (Okawaru gifted it to you on level 4 of the Lair of
                  | Beasts)
 15518 | Lair:4   | You fall through a shaft for 2 floors!
 15518 | Lair:6   | Entered Level 6 of the Lair of Beasts
 15812 | Lair:5   | Got a heavily runed scale mail
 15823 | Lair:5   | Identified the +5 scale mail of Valiance {Regen+ Str+2
                  | Stlth-} (You found it on level 5 of the Lair of Beasts)
 15882 | Lair:5   | Noticed Kirke
 15890 | Lair:5   | Noticed a sphinx
 15902 | Lair:5   | Killed Kirke
 16097 | Lair:5   | Found a staircase to the Slime Pits.
 16180 | Lair:5   | Reached XP level 14. HP: 127/146 MP: 18/18
 16962 | Lair:4   | You fall through a shaft for 2 floors!
 17642 | Lair:5   | Reached skill level 15 in Fighting
 17811 | D:9      | Killed Morbidden's ghost
 18004 | D:9      | Identified Toxt's Reference Book on the Arsonist and Black
                  | Secrets
 18136 | D:10     | Killed mrkaede's ghost
 18136 | D:10     | Received a gift from Okawaru
 18325 | D:11     | Found a staircase to the Orcish Mines.
 18360 | D:11     | Reached skill level 1 in Maces & Flails
 18564 | D:11     | Noticed Grum
 18596 | D:11     | Killed Grum
 18693 | D:11     | Noticed Gastronok
 18708 | D:11     | Killed Gastronok
 18837 | D:11     | Found a white marble altar of Elyvilon.
 19010 | D:11     | Noticed Fannar
 19027 | D:11     | Killed Fannar
 19272 | Orc:1    | Entered Level 1 of the Orcish Mines
 19272 | Orc:1    | Found Fuamep's Gadget Emporium.
 19349 | Orc:1    | Noticed Urug
 19349 | Orc:1    | Noticed Erolcha
 19366 | Orc:1    | Noticed an orc warlord
 19368 | Orc:1    | Killed Erolcha
 19384 | Orc:1    | Killed Urug
 19389 | Orc:1    | Reached skill level 5 in Maces & Flails
 19398 | Orc:1    | Killed an orc warlord
 19403 | Orc:1    | HP: 10/222 [orc priest/divine providence[an orc warlord]
                  | (13)]
 19421 | Orc:1    | HP: 6/222 [orc warrior/+0 hand axe[an orc warlord] (16)]
 19422 | Orc:1    | Slain by a warg

Skill      XL: |  1  2  3  4  5  6  7  8  9 10 11 12 13 14 |
---------------+-------------------------------------------+-----
Armour         | 4 5 6 7 8 9 10 11 13 14 | 14.0
Fighting       | 4 5 6 7 9 11 12 13 14 15 | 15.5
Axes           | 3 4 5 6 8 9 10 11 12 13 | 13.3
Shields        | 4 5 6 7 8 9 10 11 13 14 | 14.0
Invocations    | 2 5 8 10 | 10.0
Maces & Flails | 5 |  5.4

Action                   |  1- 3 |  4- 6 |  7- 9 | 10-12 | 13-15 || total
-------------------------+-------+-------+-------+-------+-------++-------
Melee: War axe           |    80 |   122 |   101 |       |       ||   303
       Headbutt          |    12 |    18 |    83 |   281 |   265 ||   659
       Hand axe          |       |       |   279 |   532 |   335 ||  1146
       Mace              |       |       |       |   306 |   227 ||   533
       Flail             |       |       |       |       |   347 ||   347
Throw: Tomahawk          |       |       |       |    31 |       ||    31
Invok: Heroism           |       |       |    10 |    17 |    20 ||    47
       Finesse           |       |       |       |     4 |     8 ||    12
 Abil: Evoke Flight      |       |       |       |       |     3 ||     3
  Use: Potion            |       |     3 |     4 |     2 |    13 ||    22
       Scroll            |       |     1 |     3 |     1 |     6 ||    11
  Eat: Chunk             |     1 |     7 |     9 |    19 |    15 ||    51
       Ration            |       |       |     1 |       |     2 ||     3
Armor: Scale mail        |    38 |    11 |       |       |   183 ||   232
       Plate armour      |       |    51 |   263 |   384 |   114 ||   812
       Skin              |       |    10 |     2 |       |    18 ||    30
Dodge: Dodged            |    18 |    17 |   116 |   174 |   247 ||   572
       Deflected         |       |       |       |       |     2 ||     2
Block: Shield            |    47 |    57 |   272 |   630 |   754 ||  1760
       Reflection        |       |       |       |     9 |     4 ||    13
